 Dungeon Crawl Stone Soup version 0.27.1 (webtiles) character file.

Game seed: 4491006167499274862

184387 pkoi the Brawler (level 17, -2/170 HPs)
             Began as a Troll Gladiator on Aug 28, 2021.
             Was an Elder of Okawaru.
             Slain by a tentacle (15 damage)
             ... attached to a kraken
             ... on level 1 of the Shoals.
             The game lasted 00:57:40 (30610 turns).

pkoi the Brawler (Troll Gladiator)                 Turns: 30610, Time: 00:57:40

Health: -2/170     AC: 25    Str: 35    XL:     17   Next: 77%
Magic:  0/22       EV: 12    Int:  8    God:    Okawaru [****..]
Gold:   4210       SH:  0    Dex: 11    Spells: 14/22 levels left

rFire    . . .     SeeInvis .     - Unarmed
rCold    + . .     Faith    .   (no shield)
rNeg     + . .     Spirit   +   n - +1 storm dragon scales
rPois    +         Reflect  .   L - +4 hat of Ome Adas {Str+5}
rElec    +         Harm     .   D - +2 cloak {rPois}
rCorr    .         Rampage  .   (gloves unavailable)
Will     +....                  (boots unavailable)
Stlth    ..........             b - amulet of guardian spirit
HPRegen  1.38/turn              J - ring "Raumeaje" {rElec rPois Str+6}
MPRegen  0.18/turn              i - ring "Zolarean" {+Blink rElec rC+ rN+ Str-3}

@: about to teleport, heroic, studying 2 skills
A: large, unfitting armour, claws 3, regeneration 1, shaggy fur 1, tough skin 1
a: Renounce Religion, Evoke Blink, Heroism


You were on level 1 of the Shoals.
You worshipped Okawaru.
Okawaru was greatly pleased with you.
You visited 7 branches of the dungeon, and saw 30 of its levels.
You visited the Abyss 1 time.
You also visited: Bailey and Gauntlet.

You collected 4372 gold pieces.
You spent 162 gold pieces at shops.

Inventory:

Missiles
 c - 4 throwing nets
 q - 73 poisoned darts
 Q - 36 large rocks (quivered)
 R - 6 curare-tipped darts
Armour
 n - +1 storm dragon scales (worn)
 D - a +2 cloak of poison resistance (worn)
 L - the +4 hat of Ome Adas (worn) {Str+5}
   (You found it in a Gauntlet)

   Str:       It affects your strength (+5).
Jewellery
 b - an amulet of guardian spirit (around neck)
 i - the ring "Zolarean" (right claw) {+Blink rElec rC+ rN+ Str-3}
   (You acquired it on level 2 of the Spider Nest)

   [ring of positive energy]

   Str:       It affects your strength (-3).
   rC:        It protects you from cold.
   rElec:     It insulates you from electricity.
   rN:        It protects you from negative energy.
   +Blink:    It lets you blink.
 x - a +4 ring of protection
 y - a ring of protection from cold
 J - the ring "Raumeaje" (left claw) {rElec rPois Str+6}
   (You found it in a Gauntlet)

   [ring of strength]

   Str:       It affects your strength (+6).
   rElec:     It insulates you from electricity.
   rPois:     It protects you from poison.
Wands
 r - a wand of polymorph (38)
 v - a wand of paralysis (11)
 w - a wand of acid (32)
 B - a wand of charming (9)
 C - a wand of flame (38)
 E - a wand of mindburst (11)
Scrolls
 a - 2 scrolls of blinking
 g - 16 scrolls of teleportation
 l - a scroll of silence
 u - a scroll of holy word
 z - 6 scrolls of magic mapping
 A - 3 scrolls of fog
 F - 2 scrolls of enchant weapon
 G - 3 scrolls of enchant armour
 I - 5 scrolls of amnesia
 K - a scroll of brand weapon {unknown}
 O - 7 scrolls of identify
 P - 2 scrolls of fear
Potions
 d - 3 potions of magic
 e - 12 potions of heal wounds
 f - 2 potions of curing
 h - 7 potions of ambrosia
 j - a potion of berserk rage
 k - a potion of invisibility
 m - 2 potions of cancellation
 o - 4 potions of brilliance
 p - 7 potions of haste
 s - a potion of resistance
 t - 4 potions of might
 H - 7 potions of flight
Miscellaneous
 N - a phantom mirror


   Skills:
 - Level 11.4(16.4) Fighting
 + Level 7.7(12.7) Throwing
 + Level 6.1(11.1) Armour
 - Level 11.5(16.5) Dodging
 - Level 2.3(7.3) Stealth
 + Level 19.3(24.3) Unarmed Combat
 - Level 3.4 Spellcasting
 - Level 4.4 Translocations
 - Level 2.0 Transmutations
 - Level 2.4 Earth Magic
 - Level 9.0 Invocations
 - Level 4.0 Evocations


You had 14 spell levels left.
You knew the following spells:

 Your Spells              Type           Power      Damage    Failure   Level
a - Blink                 Tloc           N/A        N/A       24%         2
b - Petrify               Tmut/Erth      4%         N/A       98%         4
c - Passwall              Tmut/Erth      3%         N/A       50%         2

Your spell library contained the following spells:

 Spells                   Type           Power      Damage    Failure   Level
 Sandblast                Erth           10%        2d5       34%         1
 Lesser Beckoning         Tloc           4%         N/A       43%         3
 Animate Skeleton         Necr           2%         N/A       67%         1
 Corona                   Hex            1%         N/A       67%         1
 Foxfire                  Conj/Fire      4%         2x1d4     67%         1
 Magic Dart               Conj           4%         1d3       67%         1
 Pain                     Necr           4%         1d4       67%         1
 Ensorcelled Hibernation  Hex/Ice        2%         N/A       82%         2
 Searing Ray              Conj           2%         3d3       82%         2
 Static Discharge         Conj/Air       1%         N/A       82%         2
 Spider Form              Tmut/Pois      1%         N/A       88%         3
 Conjure Flame            Conj/Fire      1%         6-21      96%         3
 Dazzling Flash           Conj/Hex       2%         N/A       96%         3
 Inner Flame              Hex/Fire       1%         N/A       96%         3
 Ozocubu's Armour         Ice            1%         N/A       96%         3
 Summon Guardian Golem    Hex/Summ       1%         N/A       96%         3
 Tukima's Dance           Hex            1%         N/A       96%         3
 Vampiric Draining        Necr           0%         2d6       96%         3
 Iskenderun's Mystic Bla  Conj/Tloc      4%         2d3       98%         4
 Ice Form                 Ice/Tmut       2%         N/A       99%         4
 Manifold Assault         Tloc           8%         N/A       99%         5
 Animate Dead             Necr           0%         N/A       100%        4
 Dispel Undead            Necr           1%         3d6       100%        4
 Fulminant Prism          Conj/Hex       0%         3d6       100%        4
 Hailstorm                Conj/Ice       1%         3d3       100%        4
 Olgreb's Toxic Radiance  Pois           1%         N/A       100%        4
 Sticky Flame             Conj/Fire      1%         2d3       100%        4
 Summon Ice Beast         Ice/Summ       1%         N/A       100%        4
 Fireball                 Conj/Fire      0%         3d3       100%        5
 Iskenderun's Battlesphe  Conj           1%         2d6       100%        5
 Lee's Rapid Deconstruct  Erth           2%         3d6*      100%        5
 Metabolic Englaciation   Hex/Ice        0%         N/A       100%        5
 Summon Forest            Summ/Tloc      2%         N/A       100%        5
 Summon Mana Viper        Hex/Summ       1%         N/A       100%        5
 Conjure Ball Lightning   Conj/Air       0%         3x3d6     100%        6
 Eringya's Noxious Bog    Tmut/Pois      1%         N/A       100%        6
 Shadow Creatures         Summ           N/A        N/A       100%        6
 Simulacrum               Ice/Necr       0%         N/A       100%        6
 Starburst                Conj/Fire      0%         6d3       100%        6
 Statue Form              Tmut/Erth      2%         N/A       100%        6
 Monstrous Menagerie      Summ           0%         N/A       100%        7
 Orb of Destruction       Conj           0%         N/A       100%        7
 Ozocubu's Refrigeration  Ice            0%         4d5       100%        7
 Spellforged Servitor     Conj/Summ      0%         N/A       100%        7
 Summon Hydra             Summ           0%         N/A       100%        7
 Ignition                 Fire           0%         3d3       100%        8
 Necromutation            Tmut/Necr      1%         N/A       100%        8


Dungeon Overview and Level Annotations

Branches:
Dungeon (15/15)            Temple (1/1) D:4            Lair (6/6) D:11
 Shoals (1/4) Lair:4       Spider (4/4) Lair:3        Slime (0/5) Lair:5
    Orc (2/2) D:9             Elf (1/3) Orc:2        Vaults (0/5) D:14
 Depths (0/5) D:15         Bailey (visited)         Gauntlet (visited)

Altars:
Ashenzari
Cheibriados
Dithmenos
Elyvilon
Fedhas
Gozag
Hepliaklqana
Kikubaaqudgha
Makhleb
Nemelex Xobeh
Okawaru
Qazlal
Ru
Sif Muna
Trog
Uskayaw
Vehumet
Wu Jian
Xom
Yredelemnul
Zin
The Shining One
Beogh

Shops:
D:6 [   D:7 ?   D:10 (   D:13 (   Orc:2 !!(=   Elf:1 *[*?[

Portals:
Trove: D:12 (give +7 demon whip)

Annotations:
D:13 2 transporters, HilariousDeathArtist's ghost, journeyman VSBe
Lair:6 exclusion: obsidian statue
Elf:1 3 runed translucent doors


Innate Abilities, Weirdness & Mutations

You are too large for most types of armour.
You have claws for hands.
Your natural rate of healing is unusually fast.
You are covered in fur. (AC +1)
You have tough skin. (AC +1)


Message History

The tentacle closely misses you.
A tentacle segment comes into view.
You scratch the tentacle but do no damage.
You claw the tentacle!
The tentacle is almost dead.
The merfolk hits you from afar with a +0 trident!
* * * LOW HITPOINT WARNING * * *
The tentacle misses you.
The tentacle slaps you but does no damage.
The tentacle misses you. The tentacle closely misses you.
As you read the scroll of teleportation, it crumbles to dust.
You feel strangely unstable.
The tentacle slaps you but does no damage.
The tentacle completely misses you.
The tentacle slaps you but does no damage.
The merfolk barely misses you.
The tentacle slaps you but does no damage.
A merfolk comes into view.
It is wielding a +0 trident and quivering boomerangs of dispersal.
The merfolk hits you but does no damage.
The merfolk closely misses you.
The kraken squirts a massive cloud of ink into the water!
A tentacle segment comes into view.
The tentacle misses you. The tentacle completely misses you.
The tentacle slaps you.
* * * LOW HITPOINT WARNING * * *
The tentacle slaps you but does no damage.
The merfolk hits you from afar with a +0 trident!
* * * LOW HITPOINT WARNING * * *
The tentacle slaps you but does no damage.
The tentacle misses you.
The kraken squirts a massive cloud of ink into the water!
The tentacle slaps you.
* * * LOW HITPOINT WARNING * * *
The tentacle slaps you but does no damage.
The tentacle misses you.
The tentacle slaps you but does no damage.
The kraken squirts a massive cloud of ink into the water!
The tentacle slaps you but does no damage.
The tentacle slaps you!
You die...

≈ ≈ ≈≈≈≈≈≈...≈≈≈...
≈≈≈≈≈≈≈≈≈≈≈≈≈≈≈..≈≈.......
≈≈≈≈≈≈≈≈≈≈≈...≈≈≈≈≈≈.......
≈≈≈≈≈≈≈≈≈.....≈≈≈≈≈≈≈......
≈≈≈≈≈≈≈≈..#.....≈≈≈≈.......
≈≈≈≈≈≈≈≈..#.......Λ........
≈≈≈≈≈≈≈≈.(#......wΛ\m......
≈≈≈≈≈≈≈≈........@wΛ\\....≈≈
≈≈≈.≈≈≈≈≈.......wwΛ\\│§§≈≈≈
≈≈..≈≈≈≈...≈.....V.\─X§§≈≈≈
≈≈≈≈≈≈..≈≈.≈≈≈...m..V§§≈≈≈≈
....≈≈.....≈≈≈.....mm§§≈≈≈≈
###.≈..>...≈≈≈≈.....§§≈≈≈≈≈
.##.................≈≈≈≈≈≈≈
..##................≈≈≈≈≈≈≈
..##................≈≈≈≈≈≈.


You could see a kraken, 4 merfolk and 4 tentacles.

Vanquished Creatures
  Kirke (Elf:1)
  A kraken (Shoals:1)
  The ghost of Puq Cuid the Slicer, an adept KoAK of Lugonu (Elf:1)
  Louise (Spider:1)
  A ghost moth (Spider:3)
  3 dire elephants (Lair:6)
  A deep elf annihilator (Elf:1)
  A minotaur (Gauntlet)
  2 entropy weavers
  Snorg (D:11)
  A deep elf death mage (Elf:1)
  Josephine (D:12)
  The ghost of WaxSun the Arsonist, a journeyman OgFE of Hepliaklqana (D:10)
  A great orb of eyes (D:15)
  Harold (D:10)
  8 vault guards (D:14)
  2 ice dragons
  10 hydras
  3 ogre magi
  5 boulder beetles
  Erica (D:10)
  2 dancing weapons (Elf:1)
  17 two-headed ogres
  Urug (D:12)
  2 tengu warriors
  A hell hog (Abyss:2)
  3 centaur warriors
  2 orc high priests (Orc:2)
  9 death yaks
  2 deep elf knights (Elf:1)
  2 wretched stars
  A fire crab (shapeshifter) (D:15)
  A sea snake (Shoals:1)
  A spectral anaconda (Lair:6)
  A spectral death yak (Lair:6)
  2 deep trolls (Orc:2)
  The ghost of Moox the Magician, a novice DsNe of Ashenzari (D:8)
  Pikel (D:8)
  A lindwurm (Lair:4)
  4 deep elf archers (Elf:1)
  4 harpies (Shoals:1)
  5 orc knights
  5 necromancers
  3 deep elf pyromancers
  11 orb spiders
  24 ugly things
  10 deep elf zephyrmancers (Elf:1)
  11 wolf spiders
  3 orc sorcerers
  11 fauns
  7 cyclopes
  An oklob plant (D:11)
  17 elephants
  2 moths of wrath
  8 manticores
  A fire giant skeleton (Abyss:2)
  A merfolk siren (Shoals:1)
  4 black mambas
  21 cane toads
  A torpor snail (Lair:5)
  A smoke demon (Abyss:2)
  A gargoyle (D:12)
  An unseen horror (D:12)
  2 efreet
  A komodo dragon (shapeshifter) (D:14)
  9 demonic crawlers
  2 tengu conjurers (D:14)
  6 rime drakes
  9 komodo dragons
  A freezing wraith (D:10)
  13 trolls
  23 jumping spiders
  4 merfolk (Shoals:1)
  The ghost of pkoi the Ruffian, an amateur TrEE of Zin (D:4)
  2 polar bears
  4 hornets
  A queen bee (Lair:3)
  A wolf spider simulacrum (D:13)
  A hornet (shapeshifter) (D:14)
  A wind drake (shapeshifter) (D:14)
  11 slime creatures
  7 dream sheep (Lair:3)
  8 large abominations
  3 snapping turtles
  8 spriggans (Lair:1)
  A redback (shapeshifter) (D:14)
  51 redbacks
  16 tarantellas
  2 centaur simulacra
  A vampire (D:10)
  3 hogs (Elf:1)
  A water elemental (D:15)
  A ynoxinul (Abyss:2)
  A shadow (D:12)
  6 basilisks
  43 yaks
  7 wyverns
  Grum (D:8)
  10 wraiths
  4 fire elementals
  A neqoxec (Abyss:2)
  2 steam dragons
  A death yak simulacrum (Lair:6)
  2 spectral cane toads (Lair:6)
  12 vampire mosquitoes
  A warg (Orc:2)
  An acid dragon (D:11)
  12 water moccasins
  A hell hound (Gauntlet)
  A floating eye (shapeshifter) (D:15)
  5 ice beasts
  A sky beast (D:7)
  25 orc warriors
  2 necrophages (D:6)
  2 black bears
  2 elephant zombies (Lair:6)
  22 ogres
  A tengu (shapeshifter) (D:15)
  2 lemures (D:9)
  20 wolves
  5 centaurs
  2 small abominations (Gauntlet)
  A phantom (D:4)
  2 elephant skeletons (Lair:6)
  7 elf zombies (Elf:1)
  4 kobold brigands
  19 bullfrogs
  A cane toad simulacrum (Lair:6)
  2 scorpions (D:5)
  3 gnoll sergeants
  12 jellies
  2 hornet simulacra (D:8)
  20 killer bees
  8 wights
  2 electric eels
  5 howler monkeys
  A vampire bat (D:3)
  3 centaur zombies
  A wyvern simulacrum (D:8)
  2 hounds
  9 orc priests
  A centaur skeleton (D:7)
  2 hell rats (Lair:1)
  4 iguanas
  15 orc wizards
  A killer bee zombie (D:7)
  A hound skeleton (D:5)
  A howler monkey zombie (D:6)
  A howler monkey skeleton (D:4)
  6 adders
  9 gnolls
  5 river rats (Lair:1)
  3 white imps
  3 ufetubi
  2 worms
  3 dart slugs
  3 fire bats (D:3)
  62 orcs
  2 spectral bats (D:3)
  3 bat skeletons (D:3)
  A bat zombie (D:3)
  8 endoplasms
  12 goblins
  6 hobgoblins
  9 jackals
  5 quokkas
  3 ball pythons
  11 bats
  A bat simulacrum (D:3)
  4 frilled lizards
  A jackal skeleton (D:4)
  37 kobolds
  A quokka skeleton (D:4)
  6 rats
  6 tentacles (Shoals:1)
985 creatures vanquished.

Vanquished Creatures (others)
  An emperor scorpion (Spider:1)
  A wolf spider (Spider:1)
  A demonic plant (Gauntlet)
  35 fungi
  84 plants
  11 tentacles (Shoals:1)
  18 withered plants (Lair:6)
151 creatures vanquished.

Grand Total: 1136 creatures vanquished

Notes
Turn   | Place    | Note
-------+----------+-------------------------------------------
     0 | D:1      | pkoi the Troll Gladiator began the quest for the Orb.
     0 | D:1      | Reached XP level 1. HP: 19/19 MP: 0/0
    64 | D:1      | Reached XP level 2. HP: 24/27 MP: 1/1
    98 | D:1      | Reached skill level 4 in Unarmed Combat
   198 | D:1      | Found a faded altar of an unknown god.
   205 | D:1      | Became a worshipper of Warmaster Okawaru
   205 | D:1      | Reached * piety under Okawaru
   464 | D:1      | Reached XP level 3. HP: 33/33 MP: 2/2
   980 | D:2      | Reached skill level 5 in Unarmed Combat
   980 | D:2      | Reached XP level 4. HP: 13/41 MP: 3/3
  1901 | D:3      | Found a broken altar of Ashenzari.
  2141 | D:3      | Reached XP level 5. HP: 48/48 MP: 4/4
  2175 | D:3      | Reached skill level 6 in Unarmed Combat
  2175 | D:3      | Reached skill level 1 in Invocations
  2298 | D:4      | Reached XP level 6. HP: 57/57 MP: 5/5
  2314 | D:4      | Identified a scroll of acquirement
  2314 | D:4      | Acquired a +6 ring of strength
  2384 | D:4      | Reached ** piety under Okawaru
  2477 | D:4      | Found a runed translucent door.
  2483 | D:4      | Noticed pkoi's ghost (amateur TrEE)
  2842 | D:4      | Reached XP level 7. HP: 33/66 MP: 7/7
  2891 | D:4      | Found a staircase to the Ecumenical Temple.
  2950 | D:5      | Entered Level 5 of the Dungeon
  3070 | D:5      | Reached skill level 7 in Unarmed Combat
  3453 | D:6      | Reached XP level 8. HP: 75/75 MP: 9/9
  3626 | D:6      | Reached *** piety under Okawaru
  3627 | D:6      | Reached skill level 8 in Unarmed Combat
  3642 | D:6      | Found Bodghiar's Antique Armour Shop.
  4349 | D:7      | Found Sulyxeod's Magic Scroll Shoppe.
  4352 | D:7      | Bought a scroll of identify for 24 gold pieces
  4352 | D:7      | Bought a scroll of identify for 24 gold pieces
  4352 | D:7      | Bought a scroll of identify for 24 gold pieces
  4608 | D:7      | Reached XP level 9. HP: 76/84 MP: 11/11
  4943 | D:8      | Reached **** piety under Okawaru
  4951 | D:8      | Found a runed translucent gate.
  4951 | D:8      | Found a runed translucent gate.
  4951 | D:8      | Found a runed translucent gate.
  4981 | D:8      | Reached skill level 9 in Unarmed Combat
  5075 | D:8      | Noticed Moox's ghost (novice DsNe)
  5265 | D:8      | Reached skill level 5 in Dodging
  5803 | D:8      | Noticed a boulder beetle
  5830 | D:8      | Killed a boulder beetle
  5830 | D:8      | Received a gift from Okawaru
  5831 | D:8      | Reached skill level 5 in Fighting
  5831 | D:8      | Reached skill level 10 in Unarmed Combat
  5831 | D:8      | Reached skill level 5 in Invocations
  5956 | D:9      | Noticed Grum
  5978 | D:8      | Reached ***** piety under Okawaru
  5984 | D:8      | Killed Grum
  6023 | D:9      | Noticed Pikel
  6048 | D:8      | Killed Pikel
  6049 | D:8      | Reached XP level 10. HP: 81/96 MP: 11/13
  6166 | D:9      | Noticed a two-headed ogre
  6175 | D:9      | Killed a two-headed ogre
  6687 | D:9      | Found a staircase to the Orcish Mines.
  6703 | D:9      | Reached skill level 11 in Unarmed Combat
  6703 | D:9      | Identified the +7 longbow "Lifebane" {flame, rPois rF+ rC-
                  | Stlth+} (Okawaru gifted it to you on level 9 of the
                  | Dungeon)
  6703 | D:9      | Received a gift from Okawaru
  6804 | D:10     | Entered Level 10 of the Dungeon
  6879 | D:10     | Noticed a cyclops
  6896 | D:10     | Killed a cyclops
  6929 | D:10     | Found a runed translucent gate.
  6931 | D:10     | Found a runed translucent gate.
  6932 | D:10     | Found a runed translucent gate.
  6938 | D:10     | Noticed WaxSun's ghost (journeyman OgFE)
  7118 | D:10     | Noticed an orc knight
  7119 | D:10     | Noticed Harold
  7120 | D:10     | Noticed a +9 long sword
  7152 | D:9      | Killed an orc knight
  7250 | D:10     | Noticed an orc knight
  7250 | D:10     | Noticed an orc knight
  7252 | D:10     | Killed Harold
  7253 | D:10     | Noticed Erica
  7465 | D:10     | Killed an orc knight
  7466 | D:10     | Reached XP level 11. HP: 88/106 MP: 11/14
  7492 | D:10     | Found Zanam's Antique Weapon Shoppe.
  7499 | D:10     | Killed an orc knight
  7513 | D:10     | Killed Erica
  7635 | D:10     | Noticed a two-headed ogre
  7644 | D:10     | Killed a two-headed ogre
  7645 | D:10     | Reached skill level 12 in Unarmed Combat
  8196 | D:11     | Received a gift from Okawaru
  8252 | D:11     | Reached ****** piety under Okawaru
  8285 | D:11     | Noticed Snorg
  8285 | D:11     | Noticed a boulder beetle
  8324 | D:11     | Killed Snorg
  8358 | D:11     | Noticed a two-headed ogre
  8362 | D:11     | Killed a two-headed ogre
  8439 | D:11     | Killed a boulder beetle
  8512 | D:11     | Found a staircase to the Lair.
  8512 | D:11     | Noticed an oklob plant
  8524 | D:11     | Killed an oklob plant
  8868 | Lair:1   | Entered Level 1 of the Lair of Beasts
  8879 | Lair:1   | Noticed a four-headed hydra
  8890 | Lair:1   | Killed an eight-headed hydra
  8891 | Lair:1   | Reached skill level 13 in Unarmed Combat
  8891 | Lair:1   | Reached XP level 12. HP: 86/118 MP: 8/16
  9321 | Lair:1   | Acquired 760 gold pieces
  9574 | D:7      | Bought a scroll of enchant armour for 90 gold pieces
  9757 | Lair:1   | Received a gift from Okawaru
 10185 | Lair:2   | Found a hide-covered altar of Uskayaw.
 10185 | Lair:2   | Found an ornate altar of the Wu Jian Council.
 10185 | Lair:2   | Noticed a boulder beetle
 10202 | Lair:2   | Killed a boulder beetle
 10484 | Lair:2   | Reached skill level 14 in Unarmed Combat
 10544 | Lair:2   | Reached skill level 1 in Evocations
 10862 | Lair:3   | Noticed a six-headed hydra
 10904 | Lair:3   | Killed a nine-headed hydra
 10968 | Lair:3   | Found a gate leading to a gauntlet.
 11005 | Gauntlet | Entered a Gauntlet
 11005 | Gauntlet | Found a transporter.
 11005 | Gauntlet | Found a transporter.
 11005 | Gauntlet | Found a transporter.
 11008 | Gauntlet | Found a transporter.
 11009 | Gauntlet | Found a transporter.
 11019 | Gauntlet | Found a transporter.
 11023 | Gauntlet | Found a transporter.
 11030 | Gauntlet | Noticed a hell hog
 11033 | Gauntlet | Found a transporter.
 11038 | Gauntlet | Found a transporter.
 11059 | Gauntlet | Found a transporter.
 11061 | Gauntlet | Found a transporter.
 11071 | Gauntlet | Found a transporter.
 11244 | Gauntlet | Reached XP level 13. HP: 81/128 MP: 11/18
 11288 | Gauntlet | Identified the ring "Raumeaje" {rElec rPois Str+6}
 11325 | Gauntlet | Identified the +4 hat of Ome Adas {Str+5}
 11353 | Gauntlet | Identified the +1 long sword of Amorality {vorpal, Will+
                  | rCorr Dex+4}
 11353 | Gauntlet | Noticed a minotaur
 11361 | Gauntlet | Killed a minotaur
 11539 | Lair:3   | Received a gift from Okawaru
 11977 | Lair:3   | Found a hole to the Spider Nest.
 12020 | Lair:3   | Reached skill level 15 in Unarmed Combat
 12838 | Lair:4   | Found a staircase to the Shoals.
 13123 | Lair:4   | Received a gift from Okawaru
 13333 | Lair:5   | Reached XP level 14. HP: 65/140 MP: 8/19
 13465 | Lair:5   | You fall into a shaft and drop 1 floor!
 13465 | Lair:6   | Entered Level 6 of the Lair of Beasts
 13866 | Lair:5   | Found a staircase to the Slime Pits.
 14227 | Lair:6   | Learned a level 2 spell: Blink
 14344 | Lair:6   | Reached skill level 16 in Unarmed Combat
 14345 | Lair:6   | Received a gift from Okawaru
 14380 | Lair:6   | Reached skill level 1 in Translocations
 14393 | Lair:6   | Reached skill level 10 in Dodging
 14467 | Lair:6   | Reached skill level 1 in Spellcasting
 14742 | Lair:6   | Reached skill level 10 in Fighting
 14930 | Lair:6   | Received a gift from Okawaru
 15667 | D:12     | Noticed Josephine
 15675 | D:12     | Killed Josephine
 15831 | D:12     | Received a gift from Okawaru
 16017 | D:12     | Noticed Urug
 16029 | D:12     | Killed Urug
 16115 | D:12     | Received a gift from Okawaru
 16116 | D:12     | Reached XP level 15. HP: 149/149 MP: 20/20
 16198 | D:12     | Found a portal to a secret trove of treasure.
 16811 | D:13     | Noticed HilariousDeathArtist's ghost (journeyman VSBe)
 16813 | D:13     | Found a transporter.
 16944 | D:13     | Found Mutaa's Antique Weapon Shop.
 16997 | D:13     | Found a transporter.
 17599 | Orc:1    | Entered Level 1 of the Orcish Mines
 18211 | Orc:2    | Entered Level 2 of the Orcish Mines
 18378 | Orc:2    | Found a staircase to the Elven Halls.
 18411 | Orc:2    | Paralysed by an ogre mage for 3 turns
 18450 | Orc:2    | Reached skill level 17 in Unarmed Combat
 18494 | Orc:2    | Received a gift from Okawaru
 18523 | Orc:2    | Found Futent's Jewellery Shop.
 18530 | Orc:2    | Found Yxeed's Weapon Shoppe.
 18548 | Orc:2    | Found Odeotihe's Distillery.
 18549 | Orc:2    | Found Vuog's Distillery.
 19514 | D:14     | Found a gate to the Vaults.
 19590 | D:14     | Found a burning altar of Makhleb.
 19618 | D:14     | Found a flagged portal.
 19633 | Bailey   | Entered a bailey
 20470 | D:14     | Found the +8 frozen axe "Frostbite" {freezing cloud, *Noise
                  | Fly rC+}
 20542 | D:14     | Reached XP level 16. HP: 149/161 MP: 18/21
 20870 | D:15     | Entered Level 15 of the Dungeon
 20953 | D:15     | Received a gift from Okawaru
 20985 | D:15     | Reached skill level 5 in Throwing
 21219 | D:15     | Found a staircase to the Depths.
 21452 | D:15     | Reached skill level 18 in Unarmed Combat
 21794 | Spider:1 | Entered Level 1 of the Spider Nest
 21868 | Spider:1 | Identified the amulet of Reamewk {Faith Harm rF+ Will+++
                  | Str-5}
 22220 | Spider:1 | Noticed Louise
 22245 | Spider:1 | Killed Louise
 22616 | Spider:1 | Reached skill level 1 in Stealth
 22899 | Spider:2 | Received a gift from Okawaru
 23004 | Spider:2 | Acquired the ring "Zolarean" {+Blink rElec rC+ rN+ Str-3}
 23109 | Spider:2 | Reached skill level 1 in Armour
 23571 | Spider:2 | Learned a level 4 spell: Petrify
 23940 | Spider:2 | Identified the amulet of Sapn {Faith Dex+3}
 24305 | Spider:2 | Reached skill level 1 in Earth Magic
 24708 | Spider:3 | Reached XP level 17. HP: 44/170 MP: 6/22
 24713 | Spider:3 | Reached skill level 1 in Transmutations
 25007 | Spider:3 | Identified the +2 great sword of Tension {antimagic, rF-
                  | rCorr Int+6}
 25864 | Spider:4 | Entered Level 4 of the Spider Nest
 26043 | Shoals:1 | Entered Level 1 of the Shoals
 26926 | Shoals:1 | Received a gift from Okawaru
 27467 | D:4      | Killed pkoi's ghost
 27577 | D:8      | Killed Moox's ghost
 27706 | D:10     | Killed WaxSun's ghost
 27718 | D:10     | Received a gift from Okawaru
 27926 | Temple   | Entered the Ecumenical Temple
 28280 | Elf:1    | Entered Level 1 of the Elven Halls
 28320 | Elf:1    | Found Momynoru's Magic Scroll Emporium.
 28430 | Elf:1    | Learned a level 2 spell: Passwall
 28804 | Elf:1    | Reached skill level 19 in Unarmed Combat
 28849 | Elf:1    | Noticed Kirke
 28855 | Elf:1    | Killed Kirke
 28856 | Elf:1    | Reached skill level 5 in Armour
 28893 | Elf:1    | Found Biw Jewu's Antique Armour Emporium.
 29050 | Elf:1    | Found a runed translucent gate.
 29051 | Elf:1    | Found a runed translucent gate.
 29052 | Elf:1    | Found a runed translucent gate.
 29053 | Elf:1    | Noticed Puq Cuid's ghost (adept KoAK)
 29069 | Elf:1    | Found Fore's Antique Armour Shoppe.
 29089 | Elf:1    | Found a huge runed gate.
 29089 | Elf:1    | Found a huge runed gate.
 29089 | Elf:1    | Found a huge runed gate.
 29090 | Elf:1    | Found a huge runed gate.
 29095 | Elf:1    | Found a huge runed gate.
 29100 | Elf:1    | Found a huge runed gate.
 29102 | Elf:1    | Found a huge runed gate.
 29102 | Elf:1    | Found a huge runed gate.
 29102 | Elf:1    | Found a huge runed gate.
 29102 | Elf:1    | Found a huge runed gate.
 29102 | Elf:1    | Found a huge runed gate.
 29102 | Elf:1    | Found a huge runed gate.
 29103 | Elf:1    | Found a huge runed gate.
 29104 | Elf:1    | Found a huge runed gate.
 29105 | Elf:1    | Found a huge runed gate.
 29279 | Elf:1    | Got the Collected Works on Darkness
 29344 | Elf:1    | Found a huge runed gate.
 29344 | Elf:1    | Found a huge runed gate.
 29345 | Elf:1    | Found a huge runed gate.
 29352 | Elf:1    | Found a huge runed gate.
 29352 | Elf:1    | Found a huge runed gate.
 29352 | Elf:1    | Found a huge runed gate.
 29352 | Elf:1    | Found a huge runed gate.
 29352 | Elf:1    | Found a huge runed gate.
 29352 | Elf:1    | Found a huge runed gate.
 29353 | Elf:1    | Found a huge runed gate.
 29376 | Elf:1    | Found a huge runed gate.
 29376 | Elf:1    | Found a huge runed gate.
 29376 | Elf:1    | Found a huge runed gate.
 29376 | Elf:1    | Found a huge runed gate.
 29376 | Elf:1    | Found a huge runed gate.
 29376 | Elf:1    | Found a huge runed gate.
 29457 | Elf:1    | Found Gedwes's Assorted Antiques.
 29482 | Elf:1    | Found Xachest's General Store.
 29762 | Elf:1    | Killed Puq Cuid's ghost
 29815 | Elf:1    | Noticed a deep elf master archer
 29815 | Elf:1    | Noticed a deep elf master archer
 29816 | Elf:1    | Noticed a deep elf master archer
 29818 | Elf:1    | Cast into level 2 of the Abyss (a deep elf sorcerer)
 29939 | Elf:1    | Escaped the Abyss
 29940 | Elf:1    | HP: 7/170 [deep elf master archer (7)]
 30431 | Shoals:1 | Noticed a kraken
 30449 | Shoals:1 | Killed a kraken
 30590 | Shoals:1 | Noticed a kraken
 30610 | Shoals:1 | Slain by a tentacle

Illustrated notes

Levels and vault maps discovered:
D:1:      onia_arrival_pyramid, layout_loops_ring,
          ebering_ecumenical_altar_petrified
D:2:      layout_basic
D:3:      layout_rooms, ashenzari_conservatory_becter, goddamned_bats
D:4:      layout_loops_ring, temple_hall, ebering_ghost_sewer_d
D:5:      layout_cave_pools
D:6:      layout_gridville, kennysheep_windowed_goal
D:7:      layout_loops_corners, serial_shops, nicolae_shop_behind_doors
D:8:      layout_basic, gammafunk_ghost_icy, kennysheep_generic_room_3
D:9:      layout_roguey, minmay_orc_entry_temple_small, uniq_grum, uniq_pikel
D:10:     statuecave_lemuel, layout_irregular_city, serial_shops, shop,
          gammafunk_ghost_spectres, sword_in_stone
D:11:     layout_loops_cross, dpeg_oklobed_lair, grunt_decor_junction,
          uniq_snorg
D:12:     layout_loops_ring, nicolae_trove_entry_free_sample,
          minmay_misc_feat_columns, grunt_ministairs_12, uniq_urug,
          uniq_josephine
D:13:     layout_small_grid, serial_shops, nicolae_shop_trees,
          gammafunk_ghost_arena
D:14:     minmay_coctagon, layout_loops_corners, erik_vaults_2, bloody_makhleb,
          enter_bailey_3, lemuel_nasty_fountain
D:15:     gammafunk_enter_depths_forms, layout_basic,
          chequers_serial_rivers_micro_c
Temple:   compressed_dpeg_circular_temple
Lair:1:   kb_forest_paths, layout_regular_city, minivault_19,
          kennysheep_rathole, serial_bayou_shore_b
Lair:2:   layout_regular_city, nzn_masters_of_martial_movement
Lair:3:   layout_hall_layers, dummy_spider_entry, special_room
          [special_room_bee], gauntlet_entry_generic, patterned_corridor,
          infiniplex_staircase_pool_2, grunt_megastairs_3
Lair:4:   dragon1_lemuel, layout_big_grid, elwin_shoals_entry_rooms,
          serial_bayou_pond_d, infiniplex_staircase_pool, grunt_megastairs_4
Lair:5:   layout_cave_shapes, minmay_slime_entry_jelly_boxes
Lair:6:   due_jungle_book, layout_loops_ring
Shoals:1: nicolae_shoals_lighthouse, layout_shoals, nicolae_shoals_shepherds
Spider:1: layout_spider_delve, uniq_louise
Spider:2: layout_chambers
Spider:3: layout_chambers
Spider:4: guppyfry_spider_rune
Orc:1:    layout_diamond_mine, uniq_harold
Orc:2:    st_orc_open, layout_caves, bh_open_orc_temple
Elf:1:    eino_elf_arrival_shootout, layout_onion_city,
          ebering_ghost_rock_garden, serial_shops, shop, shop_statue, shop,
          nicolae_shop_stone, nicolae_shop_stone, minmay_elf_necromancy,
          door_vault, uniq_kirke

Skill      XL: |  1  2  3  4  5  6  7  8  9 10 11 12 13 14 15 16 17 |
---------------+----------------------------------------------------+-----
Unarmed Combat | 4 5 6 7 8 10 11 13 14 15 16 17 18 19 | 19.3
Fighting       | 2 3 4 5 6 7 8 9 10 11 | 11.4
Invocations    | 1 2 4 5 6 7 8 9 |  9.0
Dodging        | 3 4 5 6 7 8 9 10 11 | 11.5
Evocations     | 2 4 |  4.0
Translocations | 2 4 |  4.4
Spellcasting   | 2 3 |  3.4
Throwing       | 2 4 6 7 |  7.7
Stealth        | 2 |  2.3
Armour         | 2 6 |  6.1
Earth Magic    | 1 2 |  2.4
Transmutations | 2 |  2.0

Action                   |  1- 3 |  4- 6 |  7- 9 | 10-12 | 13-15 | 16-18 || total
-------------------------+-------+-------+-------+-------+-------+-------++-------
Melee: Unarmed           |    67 |   131 |   246 |   520 |  1037 |   864 ||  2865
       Punch             |       |     3 |     6 |    51 |   129 |    95 ||   284
Throw: Dart              |       |       |     3 |     5 |       |       ||     8
       Large rock        |       |       |       |       |       |    23 ||    23
Invok: Heroism           |       |       |       |    16 |    25 |    21 ||    62
       Finesse           |       |       |       |     3 |    13 |     9 ||    25
 Abil: Evoke Blink       |       |       |       |       |       |     1 ||     1
Evoke: Wand              |       |       |       |    15 |     1 |       ||    16
  Use: Scroll            |       |     8 |    13 |     6 |     3 |     7 ||    37
       Potion            |       |       |       |       |     1 |     2 ||     3
 Stab: Distracted        |       |       |       |       |     1 |       ||     1
       Sleeping          |       |       |       |       |       |     1 ||     1
Armor: Robe              |    17 |    50 |    64 |       |       |       ||   131
       Steam dragon scal |       |       |    17 |    80 |       |       ||    97
       Troll leather arm |       |       |       |   113 |   420 |   215 ||   748
       Storm dragon scal |       |       |       |       |       |   369 ||   369
Dodge: Dodged            |    21 |    90 |   153 |   301 |   525 |   551 ||  1641
